 Dungeon Crawl Stone Soup version 0.25.1-4-g9407a263a5 (webtiles) character file.

Game seed: 2153813753403599357

765 Clowwww the Chopper (level 7, -1/52 HPs)
             Began as a Demonspawn Gladiator on Nov 27, 2020.
             Was a Follower of Okawaru.
             Slain by a crocodile (10 damage)
             ... on level 6 of the Dungeon.
             The game lasted 00:12:28 (4698 turns).

Clowwww the Chopper (Demonspawn Gladiator)          Turns: 4698, Time: 00:12:29

Health: -1/52      AC:  4    Str: 16    XL:     7   Next: 51%
Magic:  0/7        EV: 17    Int:  9    God:    Okawaru [*.....]
Gold:   304        SH:  0    Dex: 15    Spells: 6/6 levels left

rFire    x . .     SeeInvis .   c - +1 war axe (freeze)
rCold    + . .     Gourm    .   (no shield)
rNeg     . . .     Faith    .   b - +0 leather armour
rPois    .         Spirit   +   (helmet restricted)
rElec    .         Reflect  .   (no cloak)
rCorr    .         Harm     .   (no gloves)
MR       .....                  (no boots)
Stlth    +++.......             r - amulet of guardian spirit
HPRegen  0.17/turn              q - ring of ice
MPRegen  0.10/turn              (no ring)

@: heroism
A: horns 1, powered by death 1, spiny 1
a: Heroism, Renounce Religion


You were on level 6 of the Dungeon.
You worshipped Okawaru.
Okawaru was aware of your devotion.
You were not hungry.

You visited 2 branches of the dungeon, and saw 7 of its levels.

You collected 304 gold pieces.

Inventory:

Hand Weapons
 c - a +1 war axe of freezing (weapon)
Missiles
 d - 2 throwing nets
 w - 8 javelins (quivered)
Armour
 b - a +0 leather armour (worn)
Jewellery
 q - a ring of ice (left hand)
 r - an amulet of guardian spirit (around neck)
Wands
 p - a wand of iceblast (9)
 u - a wand of acid (5)
Scrolls
 a - a scroll of identify
 e - 6 scrolls of remove curse
 j - a scroll of immolation {unknown}
 l - 2 scrolls of teleportation {unknown}
 m - a scroll of random uselessness {unknown}
 s - 3 scrolls of enchant weapon {unknown}
 t - 2 scrolls of amnesia {unknown}
 v - a scroll of vulnerability {unknown}
 x - 2 scrolls of magic mapping {unknown}
 y - 2 scrolls of blinking {unknown}
 z - a scroll of enchant armour {unknown}
Potions
 g - 7 potions of curing
 h - a potion of heal wounds
 i - a potion of berserk rage {unknown}
 k - 2 potions of flight {unknown}
 n - 2 potions of magic {unknown}
 o - a potion of cancellation {unknown}
Comestibles
 f - 4 rations


   Skills:
 + Level 3.5(8.5) Fighting
 + Level 5.8(10.8) Axes
 + Level 1.9(6.9) Throwing
 + Level 3.0(8.0) Armour
 + Level 3.7(8.7) Dodging
 + Level 2.3(7.3) Stealth


You had 6 spell levels left.
You didn't know any spells.
Your spell library was empty.

Dungeon Overview and Level Annotations

Branches:
Dungeon (6/15)             Temple (1/1) D:4

Altars:
Ashenzari
Cheibriados
Dithmenos
Elyvilon
Fedhas
Hepliaklqana
Kikubaaqudgha
Makhleb
Nemelex Xobeh
Okawaru
Qazlal
Ru
Sif Muna
Trog
Uskayaw
Vehumet
Wu Jian
Xom
Yredelemnul
Zin
The Shining One

Shops:
D:4 (


Innate Abilities, Weirdness & Mutations

You have a pair of small horns on your head.
You regenerate a little health from kills.
You are partially covered in sharp spines.


Message History

You freeze the crocodile. Your headbutt misses the crocodile.
The crocodile is lightly wounded.
The crocodile is struck by your spines. The crocodile closely misses you.
You hit the crocodile but do no damage.
The crocodile is lightly wounded.
The crocodile is no longer moving slowly.
You closely miss the crocodile.
The crocodile is lightly wounded.
The crocodile barely misses you. The crocodile bites you.
Press: ? - help, v - describe, . - travel
Here: a crocodile (lightly wounded)
The floor.
Unknown command.
You gain the combat prowess of a mighty hero.
The crocodile bites you!
* * * LOW HITPOINT WARNING * * *
You barely miss the crocodile. You headbutt the crocodile!
The crocodile is heavily wounded.
The crocodile is struck by your spines. The crocodile bites you!
You die...

.# ..# ..# ..' #.##+#
# #..#.##
#...##.#######.....#
#.##..ct@..........#
.##...##o#######.....#
.......###....##.#####
......#.#.#.+..#.#
........#........#
..........#......#
..........#......#
.......<.##.....##
.##......##..<..#


You could see a crocodile, a centaur and an orc.

Vanquished Creatures
  Sigmund (D:5)
  An ogre (Temple)
  A centaur (D:5)
  A bullfrog (D:2)
  A scorpion (D:5)
  A bullfrog zombie (D:6)
  2 iguanas
  An orc priest (D:4)
  A worker ant (D:5)
  Terence (D:2)
  A hound zombie (D:5)
  3 gnolls (D:2)
  5 adders
  An ooze (D:2)
  An adder skeleton (D:4)
  A dart slug (D:3)
  3 leopard geckos
  3 orcs (D:4)
  2 giant cockroaches
  5 goblins
  9 hobgoblins
  A quokka (D:3)
  2 ball pythons
  7 bats
  5 frilled lizards
  8 kobolds
  A quokka skeleton (D:4)
  4 rats (D:1)
73 creatures vanquished.

Notes
Turn   | Place    | Note
-------+----------+-------------------------------------------
     0 | D:1      | Clowwww the Demonspawn Gladiator began the quest for the
                  | Orb.
     0 | D:1      | Reached XP level 1. HP: 16/16 MP: 1/1
   134 | D:1      | Gained mutation: You have a pair of small horns on your
                  | head. [demonic ancestry]
   134 | D:1      | Reached XP level 2. HP: 23/23 MP: 2/2
   224 | D:1      | Reached skill level 3 in Axes
   679 | D:2      | Noticed Terence
   691 | D:2      | Killed Terence
   691 | D:2      | Reached XP level 3. HP: 20/28 MP: 3/3
   894 | D:2      | Reached skill level 1 in Armour
  1181 | D:2      | Gained mutation: You are partially covered in sharp spines.
                  | [demonic ancestry]
  1181 | D:2      | Reached XP level 4. HP: 31/34 MP: 4/4
  1218 | D:2      | Noticed a bullfrog
  1230 | D:2      | Killed a bullfrog
  1230 | D:2      | Reached skill level 4 in Axes
  1244 | D:2      | Gained mutation: You regenerate a little health from kills.
                  | [demonic ancestry]
  1244 | D:2      | Reached XP level 5. HP: 26/39 MP: 5/5
  2364 | D:4      | Found a staircase to the Ecumenical Temple.
  2365 | D:4      | Noticed an ogre
  2369 | Temple   | Entered the Ecumenical Temple
  2412 | Temple   | Became a worshipper of Warmaster Okawaru
  2416 | Temple   | Killed an ogre
  2416 | Temple   | Reached skill level 1 in Stealth
  2416 | Temple   | Reached XP level 6. HP: 39/47 MP: 6/6
  2559 | D:4      | Found Eptysorch's Antique Weapon Shop.
  3239 | D:5      | Entered Level 5 of the Dungeon
  3408 | D:5      | Reached skill level 5 in Axes
  4277 | D:5      | Noticed Sigmund
  4283 | D:5      | Killed Sigmund
  4283 | D:5      | Reached XP level 7. HP: 32/52 MP: 4/7
  4415 | D:5      | Reached * piety under Okawaru
  4698 | D:6      | Slain by a crocodile

Illustrated notes

Levels and vault maps discovered:
D:1:      tarquinn_simple_flora_water_d, layout_basic, minmay_pentomino_x2
D:2:      layout_basic, first_ration, uniq_terence
D:3:      layout_loops_ring
D:4:      layout_gridville, minmay_temple_entry_arrows, serial_shops,
          nicolae_shop_statue_plus, minmay_misc_feat_five
D:5:      layout_basic, uniq_sigmund
D:6:      layout_gridville, kennysheep_mini, minmay_manual_monstrance
Temple:   kilobyte_greek_temple

Skill      XL: |  1  2  3  4  5  6  7 |
---------------+----------------------+-----
Axes           | 3 4 5 |  5.8
Dodging        | 3 |  3.7
Armour         | 1 2 3 |  3.0
Fighting       | 3 |  3.5
Stealth        | 1 2 |  2.3
Throwing       | |  1.9

Action                   |  1- 3 |  4- 6 |  7- 9 || total
-------------------------+-------+-------+-------++-------
Melee: War axe           |    82 |    94 |    22 ||   198
       Headbutt          |     6 |    12 |     7 ||    25
Throw: Throwing net      |     1 |       |       ||     1
Invok: Heroism           |       |       |     1 ||     1
  Use: Scroll            |       |     7 |       ||     7
 Stab: Sleeping          |     2 |     3 |     1 ||     6
  Eat: Chunk             |     1 |     8 |       ||     9
       Ration            |       |       |     1 ||     1
Armor: Leather armour    |    26 |    18 |     1 ||    45
Dodge: Dodged            |    66 |    76 |    13 ||   155
